Map: Acropolis EC

Players

garitos - Winner!

  • Race: Zerg Zerg
  • League: Grandmaster
  • Spawn Location: 11:00

TheMusZero

  • Race: Protoss Protoss
  • League: Grandmaster
  • Spawn Location: 5:00

VOD

Have the link to the VOD?

Description

Time

  • Played on: July 25, 2019, 1:33 p.m.
  • Length: 6:51
Show
View Real Time Build Order
Export as new Build Order

garitos Zerg - Winner!

Build Orders: Pool Only, Swarm Host 

Get SALT Encoding   

  12  0:00  Drone  
  13  0:10  Drone  
  14  0:18  Drone, Extractor  
  14  0:19  Extractor  
  13  0:22  Drone  
  13  0:27  Overlord  
  16  0:42  Spawning Pool  
  15  0:46  Drone  
  16  0:50  Drone  
  17  0:57  Drone  
  17  0:58  Extractor  
  17  1:22  Drone x2  
  19  1:41  Drone x2  
  21  1:53  Zergling x2  
  21  2:01  Lair  
  21  2:06  Drone  
  21  2:08  Extractor  
  21  2:13  Spine Crawler  
  20  2:22  Drone x2  
  22  2:44  Overlord  
  22  2:58  Nydus Network  
  22  3:02  Queen  
  22  3:05  Zergling x6  
  26  3:14  Infestation Pit  
  25  3:20  Zergling x2  
  26  3:32  Drone  
  27  3:35  Nydus Canal  
  27  3:40  Overlord, Queen  
  28  4:02  Swarm Host x2  
  33  4:18  Swarm Host  
  33  4:20  Overlord x2  
  36  4:29  Swarm Host  
  37  4:41  Swarm Host  
  37  4:42  Swarm Host  
  43  4:51  Swarm Host  
  43  4:52  Queen  
  48  5:08  Swarm Host  
  50  5:23  Swarm Host  
  53  5:37  Overlord  
  53  5:48  Overlord  
  53  6:03  Swarm Host x3  
Show
View Real Time Build Order
Export as new Build Order

TheMusZero Protoss 

Build Orders:  

Get SALT Encoding   

  12  0:01  Probe  
  13  0:13  Probe  
  14  0:17  Pylon  
  14  0:24  Probe  
  15  0:32  Probe  
  15  0:40  Forge, Probe  
  17  0:50  Pylon  
  17  0:52  Probe  
  18  1:05  Probe  
  19  1:14  Gateway  
  19  1:19  Photon Cannon  
  19  1:24  Pylon  
  18  1:30  Assimilator  
  18  1:44  Probe  
  19  1:56  Photon Cannon, Probe  
  19  2:01  Photon Cannon  
  20  2:09  Probe  
  20  2:11  Cybernetics Core  
  21  2:21  Probe  
  22  2:33  Probe, Pylon  
  23  2:40  Adept  
  23  2:44  Assimilator  
  23  2:47  Robotics Facility  
  25  2:55  Shield Battery  
  25  2:56  Probe  
  26  3:08  Probe  
  27  3:13  Stalker  
  27  3:18  Photon Cannon  
  29  3:25  Immortal  
  33  4:05  Warp Prism  
  33  4:25  Nexus  
  33  4:27  Pylon  
  33  4:35  Immortal, Warp Gate  
  37  5:01  Shield Battery  
  37  5:05  Immortal  
  31  5:41  Probe  
  22  5:53  Shield Battery, Probe  
  23  6:02  Probe  
  24  6:05  Probe  
  25  6:17  Pylon, Probe  
  26  6:29  Probe  
Tags
 
Add a new tag
Caveats
  • Supply blocks, unpowered buildings, or Contaminate may cause inaccurate times.
  • Supply counts are checked every 10 seconds.